 Dungeon Crawl Stone Soup version 0.31-a0-1147-g46bab52692 (webtiles) character file.

Game seed: 12911135293877249976

19 MacCMillion the Trooper (level 2, -2/26 HPs)
             Began as a Ghoul Fighter on Dec 7, 2023.
             Slain by a ball python (3 damage)
             ... on level 2 of the Dungeon.
             The game lasted 00:01:00 (1053 turns).

MacCMillion the Trooper (Ghoul Fighter)             Turns: 1053, Time: 00:01:01

Health: -2/26      AC:  6    Str: 19    XL:     2   Next: 75%
Magic:  1/1        EV:  6    Int:  7    God:
Gold:   36         SH:  4    Dex:  8    Spells: 1/1 levels left

rFire   . . .        a - +0 war axe
rCold   + . .        c - +0 buckler
rNeg    + + +        b - +0 scale mail
rPois   ∞            (no helmet)
rElec   .            (no cloak)
rCorr   .            (no gloves)
SInv    .            (no boots)
Will    .....        (no amulet) Stlth
                     (no ring)
HPRegen 0.00/turn    (no ring)
MPRegen 0.07/turn

%: no passive effects
@: inhibited regen, constricted
A: claws 1, cold resistance 1, negative energy resistance 3, inhibited
regeneration, torment resistance 2, devour on kill
a: no special abilities


You were on level 2 of the Dungeon.
You visited 1 branch of the dungeon, and saw 2 of its levels.

You collected 36 gold pieces.

Inventory:

Hand Weapons
 a - a +0 war axe (weapon)
Armour
 b - a +0 scale mail (worn)
 c - a +0 buckler (worn)
Scrolls
 f - 2 scrolls of identify {unknown}
 g - a scroll of vulnerability {unknown}
 h - a scroll of silence {unknown}
 j - a scroll of poison {unknown}
 k - a scroll of brand weapon {unknown}
Potions
 d - a potion of might
 e - a potion of curing {unknown}
 i - a potion of lignification {unknown}
 l - a potion of magic {unknown}
 m - a potion of ambrosia {unknown}


   Skills:
 - Level 3.2 Fighting
 + Level 2.4 Axes
 - Level 2.6 Armour
 + Level 3.1 Shields


You had one spell level left.
You didn't know any spells.
Your spell library was empty.

Dungeon Overview and Level Annotations

Branches:
Dungeon (2/15)

Altars:


Innate Abilities, Weirdness & Mutations

You are immune to poison.
You have sharp fingernails.
Your flesh is cold resistant. (rC+)
You are immune to negative energy. (rN+++)
You do not regenerate when monsters are visible.
You are immune to unholy pain and torment.
You thrive by killing the living.


Message History

The hobgoblin shouts!
You hear an angry hiss.
Found 11 gold pieces.
There is a stone staircase leading up here.
There are monsters nearby!
A ball python comes into view.
The hobgoblin hits you.
You hit the hobgoblin.
The hobgoblin is almost dead.
You barely miss the worm.
The hobgoblin hits you but does no damage.
The worm bites you but does no damage.
You closely miss the hobgoblin.
The hobgoblin is almost dead.
You hit the worm. The hobgoblin closely misses you.
You barely miss the hobgoblin.
The hobgoblin is almost dead.
You hit the worm.
The hobgoblin hits you but does no damage.
The worm bites you.
The hobgoblin hits you but does no damage.
You slash the hobgoblin!
You kill the hobgoblin!
You slash the worm! The worm closely misses you. The ball python bites you.
The ball python grabs you. The ball python constricts you.
You closely miss the ball python. You hit the worm. The ball python bites you.
The ball python constricts you. You block the worm's attack.
The ball python barely misses you. The ball python constricts you.
You completely miss the ball python. You barely miss the worm.
You block the ball python's attack. The ball python constricts you.
The worm bites you.
You are too injured to fight recklessly!
The ball python's grasp on you weakens, but your attempt to escape fails.
The ball python bites you but does no damage.
The ball python constricts you.
Unknown command.
The ball python's grasp on you weakens, but your attempt to escape fails.
The ball python bites you. The ball python constricts you. The worm bites you!
* * * LOW HITPOINT WARNING * * *
The ball python bites you.
You die...

......#
##......+
#.......#
###.......#
....$...
.....#
#######S...#
#......@w..#
#.########.#
#.# #


You could see a worm and a ball python.

Vanquished Creatures
  A ball python (D:1)
  2 endoplasms (D:1)
  A goblin (D:1)
  A hobgoblin (D:2)
  4 jackals (D:1)
  3 kobolds (D:1)
  3 bats (D:1)
  A rat (D:1)
16 creatures vanquished.

Notes
Turn   | Place    | Note
-------+----------+-------------------------------------------
     0 | D:1      | MacCMillion the Ghoul Fighter began the quest for the Orb.
     0 | D:1      | Reached XP level 1. HP: 19/19 MP: 0/0
     2 | D:1      | Noticed a naga
     4 | D:1      | Noticed a human
     4 | D:1      | Noticed an ogre
     6 | D:1      | Noticed a vine stalker
     8 | D:1      | Noticed an octopode
     8 | D:1      | Noticed a ghoul
    10 | D:1      | Noticed a meteoran
    10 | D:1      | Noticed a minotaur
    12 | D:1      | Noticed an armataur
    12 | D:1      | Noticed a draconian
    14 | D:1      | Noticed a vampire
    14 | D:1      | Noticed a merfolk
    16 | D:1      | Noticed an elf
    18 | D:1      | Noticed a formicid
    18 | D:1      | Noticed a felid
    20 | D:1      | Noticed a gargoyle
    20 | D:1      | Noticed a troll
    22 | D:1      | Noticed a demonspawn
    22 | D:1      | Noticed a tengu
    24 | D:1      | Noticed a minotaur
    24 | D:1      | Noticed a spriggan
    26 | D:1      | Noticed a demonspawn
    26 | D:1      | Noticed a ghoul
   174 | D:1      | Reached XP level 2. HP: 24/26 MP: 1/1
  1053 | D:2      | HP: 1/26 [worm (7)]
  1053 | D:2      | Slain by a ball python

Illustrated notes

Levels and vault maps discovered:
D:1:      kb_arrival_jail, layout_basic, chequers_serial_rivers_room_a,
          minmay_hedge_maze
D:2:      layout_basic, serial_co_window_serial, co_window_paths_b,
          co_window_corner_a, co_window_paths_a, co_window_paths_a,
          co_window_paths_b, co_window_paths_b, co_window_corner_a,
          co_window_paths_c, co_window_of_opportunity_b,
          co_window_of_opportunity_b, co_window_of_opportunity_c,
          co_window_corner_cb, co_window_paths_e, co_window_4corner_a,
          glass_columns_a, glass_columns_b, glass_columns_c, glass_columns_a,
          glass_columns_a

Skill      XL: |  1  2 |
---------------+-------+-----
Axes           | 2 |  2.4
Shields        | 3 |  3.1
Fighting       | |  3.2
Armour         | |  2.6

Action                     || total
---------------------------++-------
  Melee: War axe           ||    47
 Armour: Scale mail        ||    52
  Dodge: Dodged            ||    22
  Block: Buckler           ||    15

Table legend: (Time is in decaauts)
 A = Elapsed time spent in this place.
 B = Non-inter-level travel time spent in this place.
 C = Inter-level travel time spent in this place.
 D = Time resting spent in this place.
 E = Time spent auto-exploring this place.
 F = Levels seen in this place.
 G = Mean time per level.
                   A        B        C        D        E       F      G
               +--------+--------+--------+--------+--------+-----+--------+
         Total |   1073 |   1018 |     55 |      0 |    866 |   2 |  536.5 |
       Dungeon |   1073 |   1018 |     55 |      0 |    866 |   2 |  536.5 |
               +--------+--------+--------+--------+--------+-----+--------+

Top non-repeatable levels by time:
     D:1: 1058 daAuts
     D:2: 14 daAuts
